 Dungeon Crawl Stone Soup version 0.22.1-2-g9c5b331 (webtiles) character file.

12298 timruff the Grappler (level 11, -7/151 HPs)
             Began as a Troll Berserker on Dec 5, 2018.
             Was a High Priest of Trog.
             Mangled by a fire dragon (10 damage)
             ... on level 11 of the Dungeon on Dec 6, 2018.
             The game lasted 00:38:00 (7868 turns).

timruff the Grappler (Troll Berserker)              Turns: 7868, Time: 00:38:01

Health: -7/151     AC: 11    Str: 32    XL:     11   Next: 60%
Magic:  0/11       EV: 14    Int:  5    God:    Trog [*****.]
Gold:   694        SH:  0    Dex: 14    Spells: 10/10 levels left

rFire    . . .     SeeInvis .   J - +6 great sword of Precise Incision {flame, rC+ MR+ Stlth-}
rCold    + . .     Gourm    +   (shield currently unavailable)
rNeg     . . .     Faith    .   a - +0 animal skin
rPois    +         Spirit   +   (helmet restricted)
rElec    .         Reflect  .   x - +2 cloak {rPois}
rCorr    .         Harm     .   (gloves unavailable)
MR       +....                  (boots unavailable)
Stlth    ..........             r - amulet of guardian spirit
HPRegen  0.75/turn              D - ring of Pasa {rPois Int+2 Dex+2}
MPRegen  0.12/turn              E - +3 ring of protection

@: berserking (expiring), very quick
A: large, unfitting armour, claws 3, fast metabolism 3, gourmand, regeneration
1, shaggy fur 1, tough skin 2
a: Berserk, Trog's Hand, Brothers in Arms, Renounce Religion


You were on level 11 of the Dungeon.
You worshipped Trog.
Trog was extremely pleased with you.
You were hungry.

You visited 1 branch of the dungeon, and saw 11 of its levels.
You also visited: Sewer.

You collected 694 gold pieces.

Inventory:

Hand Weapons
 J - the +6 great sword of Precise Incision (weapon) {flame, rC+ MR+ Stlth-}
   (You found it on level 8 of the Dungeon)

   It has been specially enchanted to burn those struck by it, causing extra
   injury to most foes and up to half again as much damage against particularly
   susceptible opponents.
   Big, fiery blades are also staple armaments of hydra-hunters.
   It protects you from cold.
   It affects your resistance to hostile enchantments.
   It makes you less stealthy.
Armour
 a - a +0 animal skin (worn)
 x - a +2 cloak of poison resistance (worn)
Jewellery
 m - an uncursed ring of stealth {unknown}
 r - an amulet of guardian spirit (around neck)
 D - the ring of Pasa (left claw) {rPois Int+2 Dex+2}
   (You found it on level 6 of the Dungeon)

   [ring of dexterity]

   It affects your intelligence (+2).
   It affects your dexterity (+2).
   It protects you from poison.
 E - a +3 ring of protection (right claw)
 F - an uncursed amulet of the acrobat
 I - an uncursed ring of poison resistance
Wands
 w - a wand of digging (40)
 A - a wand of acid (9)
 G - a wand of iceblast (16)
Scrolls
 d - 4 scrolls of amnesia {unknown}
 e - 2 scrolls of enchant armour {unknown}
 f - 4 scrolls of remove curse {unknown}
 g - 5 scrolls of identify
 i - 4 scrolls of blinking
 o - 3 scrolls of teleportation
 s - a scroll of immolation {unknown}
 t - 7 scrolls of fog {unknown}
 u - 3 scrolls of magic mapping {unknown}
 v - 5 scrolls of fear {unknown}
 y - 3 scrolls of random uselessness {unknown}
 H - a scroll of holy word {unknown}
Potions
 c - 4 potions of lignification {unknown}
 h - 5 potions of might
 j - 4 potions of brilliance
 k - 2 potions of agility {unknown}
 l - 5 potions of heal wounds
 n - 3 potions of curing
 p - 2 potions of magic
 q - a potion of berserk rage {unknown}
 z - a potion of ambrosia {unknown}
 B - a potion of flight {unknown}
 C - a potion of invisibility {unknown}
 K - a potion of mutation {unknown}
Comestibles
 b - 19 rations


   Skills:
 + Level 4.8 Fighting
 * Level 7.0 Long Blades
 + Level 7.2 Dodging
 + Level 2.9 Stealth
 - Level 12.5 Unarmed Combat
 + Level 2.1 Evocations


You had 10 spell levels left.
You didn't know any spells.
Your spell library was empty.

Dungeon Overview and Level Annotations

Branches:
Dungeon (11/15)            Temple (0/1) D:6            Lair (0/6) D:11
    Orc (0/2) D:10

Altars:
Gozag
Kikubaaqudgha
Qazlal
Sif Muna
Trog
Uskayaw
Vehumet
Yredelemnul
The Shining One

Shops:
D:7 [   D:9 *   D:10 [

Annotations:
D:9 exclusion: statue


Innate Abilities, Weirdness & Mutations

You are too large for most types of armour.
You have claws for hands.
Your metabolism is lightning-fast.
You like to eat raw meat.
Your natural rate of healing is unusually fast.
You are covered in fur. (AC +1)
You have very tough skin. (AC +2)


Message History

The fire dragon breathes flames at you. The blast of flame hits you!
* * * LOW HITPOINT WARNING * * *
Unknown command.
You are too berserk!
You are too berserk!
You closely miss the fire dragon.
The fire dragon is severely wounded.
You are feeling hungry.
You barely miss the fire dragon.
The fire dragon is severely wounded.
The fire dragon bites you but does no damage.
The fire dragon claws you.
* * * LOW HITPOINT WARNING * * *
The fire dragon misses you.
You barely miss the fire dragon.
The fire dragon is severely wounded.
A centaur warrior zombie comes into view.
The fire dragon closely misses you. The fire dragon claws you!
You die...

.... .....$...
...##..≈≈≈.%Z
...#....≈≈..
..#...≈≈≈..
....≈≈≈≈≈.
.....≈≈.. ##
#....≈...
...####@.......
##.....D#####+#
............#
..........<.#
#...........#
................
#..###.......§...
...
.....≈.≈≈..... ..
.....≈§§§§≈.##.


You could see a fire dragon and a centaur warrior zombie (wandering).

Vanquished Creatures
  Harold (D:8)
  A two-headed ogre (D:9)
  Pikel (D:5)
  Psyche (D:10)
  3 gargoyles (D:10)
  A troll (D:10)
  Prince Ribbit (D:5)
  2 hippogriffs
  Grinder (D:3)
  Sigmund (D:3)
  A spriggan (D:9)
  6 yaks (D:9)
  2 hungry ghosts
  Menkaure (D:4)
  A steam dragon (D:7)
  4 wargs (D:10)
  2 water moccasins
  5 ice beasts
  4 sky beasts
  5 black bears
  3 orc warriors
  4 phantoms
  5 ogres
  5 centaurs
  4 bullfrogs
  2 scorpions
  4 killer bees (D:8)
  3 howler monkeys
  9 wights (D:7)
  2 centaur zombies
  A bullfrog zombie (D:9)
  3 jellies
  3 crimson imps
  8 orc priests
  9 hounds
  10 orc wizards
  2 bullfrog skeletons
  Crazy Yiuf (D:3)
  3 centaur skeletons
  Jessica (D:2)
  Ijyb (D:5)
  5 iguanas
  9 worker ants
  A hound skeleton (D:9)
  15 adders
  3 river rats (Sewer)
  A shadow imp (D:7)
  2 oozes (Sewer)
  2 adder skeletons
  3 worms
  2 dart slugs
  8 leopard geckos
  32 orcs
  8 giant cockroaches
  7 hobgoblins
  11 jackals
  4 quokkas
  15 ball pythons
  6 bats
  9 frilled lizards
  10 goblins
  A jackal skeleton (D:5)
  7 kobolds
  A leopard gecko zombie (D:9)
  A quokka skeleton (D:4)
  A quokka zombie (D:9)
  32 rats
  A spectral orc (D:6)
324 creatures vanquished.

Vanquished Creatures (others)
  A human (D:6)
  A centaur skeleton (D:5)
  A hound zombie (D:5)
  2 adders (D:5)
  An orc (D:5)
  A jackal (D:11)
7 creatures vanquished.

Grand Total: 331 creatures vanquished

Notes
Turn   | Place    | Note
-------+----------+-------------------------------------------
     0 | D:1      | timruff the Troll Berserker began the quest for the Orb.
     0 | D:1      | Reached XP level 1. HP: 22/22 MP: 0/0
    75 | D:1      | Reached XP level 2. HP: 29/29 MP: 1/1
   367 | D:1      | Reached ** piety under Trog
   370 | D:1      | Reached XP level 3. HP: 36/36 MP: 2/2
   770 | D:2      | Reached XP level 4. HP: 44/44 MP: 3/3
   809 | D:2      | Found a bloodstained altar of Trog.
   943 | D:2      | Reached skill level 4 in Unarmed Combat
  1302 | D:2      | Noticed Jessica
  1312 | D:2      | Killed Jessica
  1360 | D:2      | Reached XP level 5. HP: 53/53 MP: 4/4
  1590 | D:3      | Found a glowing golden altar of the Shining One.
  1674 | D:3      | Found a glowing drain.
  1733 | Sewer    | Entered a sewer
  1799 | Sewer    | Reached *** piety under Trog
  1991 | Sewer    | Reached skill level 5 in Unarmed Combat
  1991 | Sewer    | Reached XP level 6. HP: 61/61 MP: 5/5
  1999 | Sewer    | Reached **** piety under Trog
  2090 | D:3      | Found a runed door.
  2094 | D:3      | Noticed Crazy Yiuf
  2094 | D:3      | Noticed Sigmund
  2098 | D:3      | Killed Crazy Yiuf
  2107 | D:3      | Killed Sigmund
  2107 | D:3      | Reached skill level 6 in Unarmed Combat
  2107 | D:3      | Reached XP level 7. HP: 67/67 MP: 3/6
  2352 | D:3      | Noticed Grinder
  2360 | D:3      | Paralysed by Grinder for 6 turns
  2368 | D:3      | Killed Grinder
  2829 | D:4      | Reached skill level 7 in Unarmed Combat
  3070 | D:4      | Reached XP level 8. HP: 70/75 MP: 5/7
  3139 | D:4      | Reached skill level 1 in Stealth
  3245 | D:4      | Noticed Menkaure
  3251 | D:4      | Killed Menkaure
  3251 | D:4      | Reached skill level 5 in Dodging
  3251 | D:4      | Reached skill level 8 in Unarmed Combat
  3410 | D:5      | Entered Level 5 of the Dungeon
  3418 | D:5      | Noticed Ijyb
  3436 | D:5      | Killed Ijyb
  3568 | D:5      | Found an ancient bone altar of Kikubaaqudgha.
  3581 | D:5      | Noticed Prince Ribbit
  3582 | D:5      | Reached skill level 9 in Unarmed Combat
  3607 | D:5      | Killed Prince Ribbit
  3688 | D:5      | Reached XP level 9. HP: 81/84 MP: 6/8
  3734 | D:5      | Noticed Pikel
  3748 | D:5      | Killed Pikel
  3748 | D:5      | Reached skill level 10 in Unarmed Combat
  4258 | D:6      | Found an ancient bone altar of Kikubaaqudgha.
  4359 | D:6      | Got a pitted copper ring
  4360 | D:6      | Identified the ring of Pasa {rPois Int+2 Dex+2} (You found
                  | it on level 6 of the Dungeon)
  4378 | D:6      | Noticed a hand axe
  4379 | D:6      | Found a hide-covered altar of Uskayaw.
  4379 | D:6      | Noticed a dagger
  4388 | D:6      | Found a staircase to the Ecumenical Temple.
  4517 | D:6      | Found a basalt altar of Yredelemnul.
  4724 | D:7      | Reached ***** piety under Trog
  4804 | D:7      | Reached skill level 11 in Unarmed Combat
  4869 | D:7      | Reached XP level 10. HP: 92/92 MP: 9/9
  4915 | D:7      | Found Faeluq's Antique Armour Shop.
  5367 | D:7      | Found an opulent altar of Gozag.
  5530 | D:8      | Reached skill level 12 in Unarmed Combat
  5677 | D:8      | Noticed Harold
  5690 | D:8      | Killed Harold
  5690 | D:8      | Reached skill level 1 in Evocations
  5770 | D:8      | Got a fine great sword
  5772 | D:8      | Identified the +6 great sword of Precise Incision {flame,
                  | rC+ MR+ Stlth-} (You found it on level 8 of the Dungeon)
  5989 | D:8      | Reached skill level 1 in Long Blades
  6328 | D:9      | Found a radiant altar of Vehumet.
  6423 | D:9      | Found a deep blue altar of Sif Muna.
  6510 | D:9      | Found a stormy altar of Qazlal.
  6543 | D:9      | Reached XP level 11. HP: 101/101 MP: 11/11
  6629 | D:9      | Noticed a two-headed ogre
  6633 | D:9      | Killed a two-headed ogre
  6852 | D:9      | Found Feet's Serpentskin Sales.
  6853 | D:9      | Received a gift from Trog
  6871 | D:10     | Entered Level 10 of the Dungeon
  6878 | D:10     | Reached skill level 5 in Long Blades
  7233 | D:10     | Found a staircase to the Orcish Mines.
  7370 | D:10     | Noticed Psyche
  7389 | D:10     | Killed Psyche
  7650 | D:10     | Found Xummiytor's Antique Armour Shop.
  7848 | D:11     | Found a staircase to the Lair.
  7848 | D:11     | Noticed a fire dragon
  7865 | D:11     | HP: 7/151 [fire dragon/blast of flame (23)]
  7867 | D:11     | HP: 3/151 [fire dragon (6)]
  7868 | D:11     | Mangled by a fire dragon

Skill      XL: |  1  2  3  4  5  6  7  8  9 10 11 |
---------------+----------------------------------+-----
Dodging        | 3 4 5 6 7 |  7.2
Unarmed Combat | 4 5 6 7 9 11 12 | 12.5
Fighting       | 3 4 |  4.8
Stealth        | 1 2 |  2.9
Evocations     | 1 2 |  2.1
Long Blades    | 3 7 |  7.0

Action                   |  1- 3 |  4- 6 |  7- 9 | 10-12 || total
-------------------------+-------+-------+-------+-------++-------
Melee: Unarmed           |    74 |   168 |   264 |    96 ||   602
       Punch             |       |     2 |    11 |     4 ||    17
       Great sword       |       |       |       |   185 ||   185
Invok: Berserk           |       |     2 |     5 |     7 ||    14
       Trog's Hand       |       |     2 |     1 |     6 ||     9
Evoke: Wand              |       |       |       |    50 ||    50
  Use: Scroll            |       |     3 |     4 |     2 ||     9
       Potion            |       |       |     6 |       ||     6
 Stab: Sleeping          |       |       |     5 |     1 ||     6
  Eat: Chunk             |    10 |    17 |    29 |    35 ||    91
       Ration            |       |       |       |     1 ||     1
Armor: Animal skin       |    32 |    66 |    88 |   107 ||   293
Dodge: Dodged            |    51 |   112 |   153 |   215 ||   531
       Rpst.: Great sword |       |       |       |    37 ||    37
